Map: Turbo Cruise '84 LE

Players

ShoWTimE

  • Race: Protoss Protoss
  • League: Grandmaster
  • Spawn Location: 3:00

Elazer - Winner!

  • Race: Zerg Zerg
  • League: Grandmaster
  • Spawn Location: 7:00

Event: HomeStory Cup XIX

VOD

Have the link to the VOD?

Description

Time

  • Played on: June 28, 2019, 11:34 a.m.
  • Length: 8:05

All games in this series

Show
View Real Time Build Order
Export as new Build Order

ShoWTimE Protoss 

Build Orders: 1 Gate Expand, Archon Immortal 

Get SALT Encoding   

  12  0:00  Probe  
  13  0:12  Probe  
  14  0:18  Pylon  
  14  0:24  Probe  
  15  0:32  Probe  
  15  0:39  Gateway  
  15  0:40  Probe  
  16  0:47  Assimilator  
  17  0:51  Probe  
  18  1:03  Probe  
  19  1:15  Probe  
  20  1:25  Nexus  
  20  1:27  Probe  
  21  1:38  Cybernetics Core  
  21  1:41  Probe  
  21  1:45  Assimilator  
  22  1:52  Pylon  
  22  1:54  Probe  
  23  2:04  Adept  
  23  2:10  Probe  
  26  2:17  Robotics Facility  
  26  2:20  Warp Gate  
  26  2:22  Probe  
  27  2:32  Probe  
  27  2:34  Stalker, Probe  
  30  2:40  Probe  
  30  2:42  Probe  
  32  2:48  Probe  
  33  2:52  Probe  
  35  3:00  Probe, Warp Prism  
  35  3:04  Probe, Sentry  
  41  3:13  Probe, Pylon  
  41  3:16  Probe  
  43  3:24  Gateway  
  43  3:25  Probe  
  44  3:28  Probe  
  44  3:33  Assimilator  
  44  3:34  Observer  
  45  3:37  Probe  
  45  3:39  Assimilator  
  45  3:40  Probe  
  48  3:44  Pylon  
  48  3:45  Immortal  
  48  3:49  Probe  
  48  3:52  Probe  
  50  4:02  Probe  
  55  4:04  Probe, Pylon  
  56  4:10  Adept  
  56  4:13  Immortal  
  56  4:14  Probe  
  56  4:16  Pylon  
  59  4:22  Sentry  
  65  4:36  Sentry  
  67  4:38  Forge  
  67  4:41  Twilight Council  
  67  4:42  Pylon  
  67  4:45  Immortal  
  71  4:55  Gateway  
  71  4:58  Gateway  
  71  5:00  Zealot  
  73  5:07  Adept  
  73  5:11  Protoss Ground Weapons Level 1  
  75  5:14  Immortal  
  75  5:19  Charge  
  79  5:36  Pylon  
  79  5:39  Gateway  
  79  5:40  Gateway  
  79  5:43  Immortal  
  79  5:54  Gateway  
  79  5:57  Gateway  
  83  5:58  Pylon  
  83  6:09  Templar Archives  
  83  6:21  Zealot x3  
  83  6:24  Pylon  
  89  6:26  Observer  
  89  6:30  Nexus  
  90  6:34  Zealot  
  90  6:38  Pylon  
  92  6:49  High Templar x2  
  92  6:50  High Templar x2  
  92  6:51  Zealot x2  
  104  6:54  Pylon  
  104  6:55  Archon x2  
  104  6:57  Zealot  
  104  7:01  Zealot  
  108  7:06  Pylon  
  104  7:24  Zealot x3  
  104  7:25  Zealot x3  
  98  7:31  Zealot  
  92  7:43  Zealot  
  84  7:47  Zealot x2  
  84  7:48  Zealot x2  
Show
View Real Time Build Order
Export as new Build Order

Elazer Zerg - Winner!

Build Orders: Hatch First 

Get SALT Encoding   

  12  0:00  Drone  
  13  0:13  Overlord  
  13  0:17  Drone  
  14  0:31  Drone x2  
  16  0:49  Hatchery  
  15  0:52  Drone  
  15  0:55  Drone  
  17  0:59  Drone  
  18  1:09  Extractor  
  17  1:14  Spawning Pool  
  17  1:17  Drone  
  17  1:21  Drone  
  18  1:29  Drone  
  19  1:39  Drone  
  20  1:50  Drone  
  21  2:01  Queen x2, Overlord  
  21  2:03  Zergling x2  
  26  2:12  Drone x2  
  28  2:23  Drone x2  
  30  2:34  Drone x2, Hatchery  
  31  2:41  Queen  
  33  2:46  Metabolic Boost  
  33  2:50  Overlord  
  33  2:53  Zergling x2  
  33  2:55  Drone  
  33  2:58  Drone  
  36  3:09  Drone x2  
  36  3:11  Drone x4  
  42  3:14  Overlord  
  42  3:20  Queen  
  42  3:24  Overlord  
  44  3:32  Drone x4  
  48  3:40  Drone x2  
  50  3:42  Drone x2  
  50  3:43  Overlord  
  52  3:49  Drone x3, Extractor x2  
  53  3:56  Roach Warren  
  53  3:59  Lair  
  53  4:01  Drone  
  53  4:03  Drone  
  53  4:04  Drone  
  53  4:05  Drone  
  53  4:08  Overlord  
  56  4:12  Zergling x4  
  58  4:19  Zergling x4  
  58  4:20  Zergling x4  
  61  4:32  Drone x4  
  61  4:33  Drone x4  
  69  4:41  Overlord  
  69  4:42  Roach  
  69  4:44  Roach  
  73  4:45  Overlord  
  73  4:49  Extractor  
  73  4:50  Roach  
  73  4:52  Overlord  
  74  4:56  Overlord  
  76  5:00  Roach x4  
  76  5:04  Roach x2  
  76  5:06  Roach  
  87  5:09  Roach  
  87  5:12  Ravager  
  87  5:13  Ravager x2  
  92  5:15  Roach x3  
  92  5:17  Roach  
  92  5:19  Overlord  
  100  5:23  Ravager  
  100  5:26  Zergling x2  
  100  5:27  Zergling x6  
  104  5:29  Zergling x2  
  104  5:32  Overlord  
  104  5:34  Glial Reconstitution  
  105  5:39  Overlord  
  105  5:40  Roach x3  
  111  5:44  Overlord  
  111  5:45  Drone  
  111  5:46  Drone  
  111  5:49  Overlord  
  113  5:51  Drone x2  
  115  5:59  Drone x5  
  115  6:03  Overlord  
  118  6:07  Roach x3  
  124  6:14  Overlord  
  124  6:17  Overlord  
  124  6:18  Extractor  
  124  6:21  Roach x5  
  124  6:24  Ravager x3  
  136  6:27  Overlord  
  136  6:28  Roach  
  136  6:30  Roach  
  140  6:36  Drone x2  
  140  6:37  Drone, Baneling Nest  
  140  6:38  Drone, Evolution Chamber  
  140  6:39  Drone  
  143  6:41  Drone  
  143  6:53  Roach x7  
  157  7:00  Overlord  
  157  7:04  Hatchery  
  156  7:09  Ravager x4  
  156  7:10  Zergling x8  
  156  7:14  Zergling x6  
  167  7:22  Zergling x8  
  133  7:30  Roach x5  
  133  7:33  Roach x2  
  129  7:39  Roach  
  129  7:44  Roach x2  
Tags
 
Add a new tag
Caveats
  • Supply blocks, unpowered buildings, or Contaminate may cause inaccurate times.
  • Supply counts are checked every 10 seconds.